Map: Orbital Shipyard

Players

poofball

  • Race: Zerg Zerg

Manta - Winner!

  • Race: Zerg Zerg
  • League: Gold, Silver

VOD

Have the link to the VOD?

Description

Time

  • Played on: Feb. 15, 2016, 11:27 p.m.
  • Length: 15:51
Show
View Real Time Build Order
Export as new Build Order

poofball Zerg 

Build Orders: Pool First 

Get SALT Encoding   

  12  0:02  Drone  
  13  0:10  Drone  
  14  0:23  Extractor  
  13  0:28  Drone  
  14  0:37  Spawning Pool  
  13  0:43  Drone x2, Extractor  
  15  0:57  Overlord  
  15  1:20  Drone x3  
  15  1:24  Queen  
  20  1:32  Overlord  
  20  1:45  Metabolic Boost  
  21  1:47  Zergling x2  
  21  1:56  Drone  
  22  2:04  Drone  
  22  2:20  Spine Crawler  
  22  2:21  Zergling x2  
  22  2:25  Spine Crawler  
  22  2:26  Zergling x2  
  21  2:41  Zergling x6  
  24  2:44  Drone  
  25  2:54  Baneling Nest  
  25  2:56  Zergling x2  
  20  3:08  Zergling x2  
  16  3:29  Zergling x4  
  16  3:40  Zergling x2  
  17  4:02  Spine Crawler  
  12  4:12  Zergling x4  
  14  4:20  Drone  
  14  4:40  Queen  
  16  4:51  Drone x2  
  18  4:56  Drone  
  19  5:07  Baneling Nest  
  19  5:08  Drone  
  19  5:13  Drone  
  20  5:29  Drone  
  20  5:30  Spine Crawler  
  20  5:34  Drone  
  19  5:49  Zergling x4  
  21  5:50  Zergling x4  
  23  6:28  Baneling x2  
  23  6:30  Drone x5  
  23  6:31  Roach Warren  
  27  6:37  Baneling x2  
  26  7:14  Roach  
  26  7:15  Extractor  
  27  7:18  Overlord x3  
  27  7:20  Drone  
  28  7:25  Hatchery  
  27  7:41  Hatchery  
  25  7:51  Drone  
  25  7:52  Drone x3  
  29  8:09  Queen  
  31  8:23  Drone  
  31  8:26  Overlord  
  32  8:27  Drone x3  
  35  8:46  Lair  
  35  8:48  Overlord  
  35  8:49  Drone x4  
  39  8:56  Roach  
  39  9:01  Drone  
  39  9:02  Drone  
  43  9:17  Spore Crawler  
  42  9:28  Queen  
  44  9:33  Spore Crawler  
  44  9:34  Drone, Spore Crawler  
  44  9:35  Drone x7  
  50  9:43  Spore Crawler  
  49  9:49  Spore Crawler, Overlord  
  49  9:50  Overlord  
  45  10:01  Extractor  
  45  10:03  Extractor  
  41  10:13  Hydralisk Den  
  40  10:15  Drone x4  
  40  10:16  Drone x2, Spore Crawler  
  42  10:48  Queen  
  43  10:50  Hydralisk  
  43  10:51  Hydralisk x4  
  43  10:55  Queen  
  55  11:04  Drone  
  55  11:05  Drone x3  
  55  11:07  Drone  
  60  11:15  Muscular Augments  
  59  11:34  Hydralisk x3  
  65  11:43  Overlord x3  
  65  11:49  Overlord  
  65  11:51  Overlord  
  63  12:02  Hydralisk x2  
  63  12:05  Hydralisk  
  69  12:13  Hydralisk  
  69  12:14  Hydralisk  
  72  12:34  Hydralisk x5  
  64  13:01  Spore Crawler  
  64  13:04  Spore Crawler  
  62  13:06  Drone x3, Overlord  
  62  13:08  Drone  
  62  13:09  Hatchery  
  65  13:34  Spine Crawler  
  64  13:37  Spore Crawler  
  63  13:52  Hydralisk  
  63  13:53  Hydralisk x6  
  63  13:54  Hydralisk  
  73  14:15  Roach x6  
  73  14:16  Roach x2  
Show
View Real Time Build Order
Export as new Build Order

Manta Zerg - Winner!

Build Orders: Pool First, Muta Ling Bane, Zergling Baneling 

Get SALT Encoding   

  12  0:04  Drone  
  13  0:21  Extractor  
  12  0:26  Spawning Pool  
  11  0:31  Drone  
  12  0:42  Drone x2  
  14  0:48  Overlord  
  14  1:14  Zergling x2  
  14  1:15  Zergling x4  
  17  1:25  Metabolic Boost  
  17  1:27  Zergling x2  
  17  1:32  Queen  
  20  1:38  Zergling x2  
  21  1:47  Baneling Nest  
  21  1:51  Zergling x2  
  21  2:00  Overlord  
  19  2:37  Baneling x2  
  19  2:40  Zergling x6  
  21  3:02  Zergling x2  
  21  3:04  Zergling x2  
  21  3:19  Baneling x2  
  19  3:41  Zergling x4, Baneling x2  
  18  3:42  Zergling x2  
  20  4:09  Baneling x2  
  20  4:10  Zergling x4  
  21  4:19  Queen  
  21  4:23  Hatchery  
  18  4:41  Baneling x4  
  18  4:48  Drone x6  
  24  5:07  Drone  
  24  5:10  Drone, Extractor  
  25  5:22  Lair  
  25  5:26  Drone  
  26  5:28  Zergling x2  
  26  5:29  Hatchery  
  24  5:44  Zergling x8  
  24  5:47  Drone  
  29  5:52  Drone x2  
  31  5:58  Drone  
  31  5:59  Drone  
  31  6:04  Baneling x2  
  33  6:08  Drone x2  
  35  6:35  Queen, Spire  
  36  6:43  Drone x4  
  36  6:44  Drone  
  40  6:56  Drone  
  40  6:58  Overlord x2  
  41  7:08  Overlord  
  41  7:28  Drone x5  
  41  7:29  Drone  
  48  7:30  Drone x7  
  48  7:34  Extractor  
  48  7:36  Extractor  
  52  7:45  Zergling x4  
  54  7:59  Drone x6  
  54  8:00  Overlord x2  
  54  8:01  Overlord  
  60  8:20  Extractor  
  60  8:24  Extractor  
  58  8:29  Spire  
  58  8:30  Drone x3  
  58  8:31  Drone, Mutalisk x4  
  69  8:49  Mutalisk  
  69  8:50  Mutalisk x2  
  69  8:51  Mutalisk  
  69  8:54  Drone x5  
  69  8:55  Drone x2  
  84  9:09  Mutalisk  
  86  9:11  Drone x3  
  89  9:23  Overlord x3  
  89  9:41  Mutalisk x4  
  89  9:42  Mutalisk  
  99  9:47  Drone x4  
  103  10:15  Mutalisk x4  
  103  10:16  Mutalisk  
  103  10:17  Overlord  
  103  10:18  Overlord x4  
  103  10:44  Hatchery  
  103  10:47  Mutalisk x3  
  103  10:48  Mutalisk x2  
  110  10:50  Zergling x8  
  110  10:54  Evolution Chamber  
  113  10:57  Evolution Chamber  
  113  10:59  Drone  
  113  11:06  Queen  
  113  11:08  Hatchery  
  113  11:09  Queen  
  116  11:13  Hatchery  
  115  11:34  Mutalisk  
  115  11:35  Mutalisk x4  
  115  11:37  Zergling x6  
  115  11:38  Zergling x12  
  115  11:39  Zerg Ground Armor Level 1  
  134  11:40  Zerg Melee Weapons Level 1  
  134  11:43  Zerg Flyer Armor Level 1  
  134  11:57  Drone x3  
  134  11:58  Queen  
  134  11:59  Drone x2  
  141  12:15  Extractor  
  141  12:16  Extractor  
  129  12:35  Mutalisk  
  129  12:36  Mutalisk x7  
  123  12:37  Zergling x4  
  123  12:38  Zergling x14  
  123  12:39  Zergling x10  
  133  12:48  Drone x3  
  136  13:07  Zerg Flyer Weapons Level 1  
  136  13:13  Mutalisk x4  
  136  13:14  Zergling x6  
  136  13:15  Zergling x14  
  154  13:20  Drone x3, Infestation Pit  
  154  13:23  Drone x4  
  160  13:33  Queen  
  162  13:38  Hatchery  
  162  13:41  Mutalisk x5  
  161  13:43  Overlord x3  
  161  13:44  Overlord x3  
  165  14:29  Mutalisk  
  165  14:30  Mutalisk x6  
  168  14:31  Zergling x4, Mutalisk  
  168  14:32  Zergling x8, Mutalisk x5  
  168  14:33  Zergling x10  
  168  14:34  Zergling x4  
  187  15:01  Mutalisk x5  
  187  15:02  Zergling x2  
  187  15:03  Zergling x14  
  187  15:04  Zergling x2  
Tags
 
Add a new tag
Caveats
  • Supply blocks, unpowered buildings, or Contaminate may cause inaccurate times.
  • Supply counts are checked every 10 seconds.